 Dungeon Crawl Stone Soup version 0.15-a0-110-gb05c47c (webtiles) character file.

84 Sabsy the Skirmisher (level 3, -1/34 HPs)
             Began as a Lava Orc Chaos Knight on Apr 10, 2014.
             Was a Plaything of Xom.
             Slain by a soul eater (10 damage)
             ... summoned by Xom
             ... on Level 2 of the Dungeon.
             The game lasted 00:05:30 (1146 turns).

Sabsy the Skirmisher (Lava Orc Chaos Knight)        Turns: 1146, Time: 00:05:30

HP  -1/34        AC  8     Str 15      XL: 3   Next: 53%
MP   3/3         EV 10     Int 11 (12) God: Xom
Gold 35          SH  0     Dex 10      Spells:  0 memorised,  2 levels left

rFire  + . .     SeeInvis .     a - +0 hand axe (chaos)
rCold  . . .     Clarity  .     b - +2 leather armour
rNeg   . . .     Conserve .     (no shield)
rPois  .         rCorr    .     (no helmet)
rElec  .         rRot     .     (no cloak)
SustAb . .       Spirit   .     (no gloves)
rMut   .         Warding  .     (no boots)
Saprov + . .     Stasis   .     (no amulet)
MR     .....                    (no ring)
                                (no ring)

@: not resistant to hostile enchantments, very unstealthy
A: conserve scrolls, saprovore 1
a: Renounce Religion


You were on level 2 of the Dungeon.
You worshipped Xom.
You were a very special plaything of Xom.
You were not hungry.

You visited 1 branch of the dungeon, and saw 2 of its levels.

You collected 35 gold pieces.

Inventory:

Hand weapons
 a - a +0,+0 hand axe of chaos (weapon)
Armour
 b - a +2 leather armour (worn)
Comestibles
 c - 2 meat rations
 j - a bread ration
Scrolls
 d - 2 scrolls of identify
 k - a scroll of teleportation {unknown}
Potions
 f - a potion of mutation
 i - 2 potions of resistance {unknown}
 l - a potion of curing {unknown}


   Skills:
 + Level 4.3 Fighting
 + Level 4.1 Axes
 + Level 3.2 Armour
 - Level 0.7 Dodging


You had 2 spell levels left.
You didn't know any spells.

Dungeon Overview and Level Annotations

Branches:
Dungeon (2/15)

Altars:
Okawaru


Innate Abilities, Weirdness & Mutations

You have stony skin.
Your flesh is heat resistant.
Your flesh is vulnerable to cold.
Your heat harms attackers.
You bathe your surroundings in blazing heat.
You are too hot to use scrolls.
You are very good at protecting items from fire.
You can tolerate rotten meat.


Message History

Drink which item? (? for menu, Esc to quit)
Okay, then.
Press: ? - help, v - describe, . - travel
Here: a soul eater (summoned)
The floor.
Read which item? (? for menu, Esc to quit)
As you read the scroll labeled DEOQEO JIGES, it crumbles to dust.
It is a scroll of recharging.
You aren't carrying any rechargeable items.
The soul eater draws from the surrounding life force!
Read which item? (? for menu, Esc to quit)
As you read the scroll labeled PUXZUL OGHAITA, it crumbles to dust.
Your brain hurts!
It was a scroll of random uselessness.
The soul eater hits you!
* * * LOW HITPOINT WARNING * * *
Read which item? (? for menu, Esc to quit)
As you read the scroll labeled USHONUM HUBUC, it crumbles to dust.
The air around you briefly surges with heat, but it dissipates.
It was a scroll of immolation.
The soul eater hits you!
You die...

#..........##.####.###.##.#
#..........##.# #.# #.##.#
#..........##.# #.# #.##.#
###..........##.# #.#
#.##.# .............##.#
#.##.# ###..........##.####
#.##.. #................#
#................#.###.
###.#######...@...$.... #.#
#..3......... #.#
#......#.### #.# ###.#### #
#####.# #.# ...# .# #.#
>..##.#### #.# ...#...>..
#.# ......g.... ...


You could see a soul eater.

Vanquished Creatures
  2 adders (D:2)
  An ooze (D:1)
  3 bats (D:1)
  4 giant cockroaches
  9 goblins
  2 jackals (D:2)
  A quokka (D:2)
  A giant newt (D:1)
  3 hobgoblins (D:1)
  4 kobolds (D:1)
  6 rats
36 creatures vanquished.

Notes
Turn   | Place    | Note
--------------------------------------------------------------
     0 | D:1      | Sabsy, the Lava Orc Chaos Knight, began the quest for the Orb.
     0 | D:1      | Reached XP level 1. HP: 19/19 MP: 1/1
   132 | D:1      | XOM: potion effect (invisibility)
   153 | D:1      | XOM: harmless Divn miscast
   313 | D:1      | XOM: divination: magic mapping
   318 | D:1      | Reached XP level 2. HP: 27/27 MP: 2/2
   520 | D:1      | Reached skill level 4 in Fighting
   767 | D:2      | Found an iron altar of Okawaru.
   830 | D:2      | XOM: repel stairs
   835 | D:2      | Reached XP level 3. HP: 18/33 MP: 3/3
   913 | D:2      | XOM: stat loss: -1 Int (11/12)
  1035 | D:2      | XOM: summons 3 hostile shadow creatures
  1112 | D:2      | XOM: medium Hex miscast
  1143 | D:2      | XOM: summons 1 hostile demon
  1144 | D:2      | Noticed a soul eater
  1146 | D:2      | Slain by a soul eater

Action                   || total
-------------------------++-------
Melee: Hand axe          ||   123
  Use: Scroll            ||     6
       Potion            ||     1
 Stab: Petrifying        ||     1
